 Dungeon Crawl Stone Soup version 0.30.1 (webtiles) character file.

Game seed: 9118151059006215561

5001 monsoonserge the Thaumaturge (level 10, -2/54 HPs)
             Began as a Djinni Fire Elementalist on July 10, 2023.
             Was an Elder of Hepliaklqana.
             Killed from afar by Erica (17 damage)
             ... with a bolt of acid
             ... on level 9 of the Dungeon.
             The game lasted 00:28:55 (7381 turns).

monsoonserge the Thaumaturge (DjFE)                 Turns: 7381, Time: 00:28:55

Health: -2/54      AC:  3    Str:  7    XL:     10   Next: 84%
Gold:   502        EV: 12    Int: 29    God:    Hepliaklqana [****..] SH:  5 Dex: 17

rFire   + + .        u - +4 hand axe "Killer Bee's Death" {heavy, Int+2 Dex+3 Stlth+}
rCold   . . .        D - +0 buckler
rNeg    . . .        U - +2 robe {Will+}
rPois   ∞            O - +0 helmet
rElec   .            i - +0 cloak
rCorr   .            R - +0 pair of gloves
SInv    .            (boots unavailable)
Will    ++...        (no amulet)
Stlth   +++          h - ring of protection from cold
HPRegen 0.29/turn    E - +6 ring of intelligence
MPRegen 0.00/turn

%: infuse magic (-3 HP)
@: corroded, flying
A: reduced essence, sickness immunity, fire resistance 2, cold vulnerability 1,
float, innate caster, HP casting, extra vitality 1
a: Renounce Religion, Recall Ancestor, Ancestor Identity, Transference, Idealise


You were on level 9 of the Dungeon.
You worshipped Hepliaklqana.
Hepliaklqana was greatly pleased with you.
You visited 2 branches of the dungeon, and saw 10 of its levels.

You collected 502 gold pieces.

Inventory:

Hand Weapons
 m - a +0 sling
 u - the +4 hand axe "Killer Bee's Death" (weapon) {heavy, Int+2 Dex+3 Stlth+}
   (You found it on level 3 of the Dungeon)

   Int:       It affects your intelligence (+2).
   Dex:       It affects your dexterity (+3).
   Stlth:     It makes you more stealthy.
Missiles
 b - 2 atropa-tipped darts
 f - 32 poisoned darts
 A - 7 javelins
 B - 2 boomerangs
 C - 4 silver boomerangs
 K - a curare-tipped dart
Armour
 i - a +0 cloak (worn)
 s - a +0 scale mail
 y - a +1 chain mail of willpower
 D - a +0 buckler (worn)
 O - a +0 helmet (worn)
 R - a +0 pair of gloves (worn)
 U - a +2 robe of willpower (worn)
Jewellery
 h - a ring of protection from cold (left hand)
 l - a ring of positive energy
 E - a +6 ring of intelligence (right hand)
 N - a ring of fire
 Q - a ring of fire
Wands
 F - a wand of polymorph (12)
 G - a wand of iceblast (42)
 J - a wand of acid (4)
 S - a wand of digging (2)
 T - a wand of paralysis (3)
Scrolls
 j - 2 scrolls of vulnerability {unknown}
 k - 11 scrolls of identify {unknown}
 p - a scroll of teleportation {unknown}
 w - a scroll of brand weapon {unknown}
 x - 3 scrolls of blinking {unknown}
 z - a scroll of silence {unknown}
 H - a scroll of immolation {unknown}
 I - 2 scrolls of fear {unknown}
 L - a scroll of enchant weapon {unknown}
 P - 2 scrolls of magic mapping {unknown}
Potions
 a - 4 potions of might {unknown}
 c - 2 potions of flight {unknown}
 d - 4 potions of curing {unknown}
 e - a potion of mutation {unknown}
 g - a potion of attraction {unknown}
 n - a potion of lignification {unknown}
 o - a potion of resistance {unknown}
 q - 3 potions of brilliance {unknown}
 r - a potion of magic {unknown}
 t - a potion of degeneration {unknown}
 v - 2 potions of heal wounds {unknown}
 M - a potion of haste {unknown}


   Skills:
 + Level 0.6 Fighting
 + Level 1.3 Axes
 - Level 3.0 Armour
 + Level 3.1 Dodging
 - Level 2.0 Stealth
 * Level 3.9 Shields
 * Level 11.0 Spellcasting
 - Level 1.0 Evocations


You knew the following spells:

 Your Spells              Type           Power      Damage    Failure   Level
a - Foxfire               Conj/Fire      100%       2x1d9     1%          1
b - Scorch                Fire           100%       2d9       1%          2
c - Volatile Blastmotes   Fire/Tloc      100%       2d18      1%          3
d - Inner Flame           Hex/Fire       68%        N/A       1%          3
e - Flame Wave            Conj/Fire      68%        2d15      1%          4
f - Shock                 Conj/Air       100%       1d9       1%          1
g - Lesser Beckoning      Tloc           100%       N/A       1%          2
h - Wereblood             Tmut           68%        N/A       1%          2
i - Confusing Touch       Hex            68%        N/A       1%          3
Your spell library was empty.

Dungeon Overview and Level Annotations

Branches:
Dungeon (9/15)             Temple (1/1) D:5
   Lair: D:8-11         Orc: D:9-12

Altars:
Ashenzari
Cheibriados
Dithmenos
Elyvilon
Fedhas
Gozag
Hepliaklqana
Makhleb
Nemelex Xobeh
Okawaru
Qazlal
Ru
Uskayaw
Wu Jian
Xom
Yredelemnul
Zin
The Shining One

Annotations:
D:9 Erica, Grum


Innate Abilities, Weirdness & Mutations

Your life essence is reduced to manifest your ancestor. (-10% HP)
You are immune to sickness and miasma.
You are immune to poison.
Your flesh is very heat resistant. (rF++)
You are vulnerable to cold. (rC-)
You float through the air rather than walking.
You learn spells naturally, not from books.
Your magical power is your life essence.
You have superior vitality. (+4 MHP)


Message History

Casting: Shock (safe; 1% risk of failure)
Confirm with . or Enter, or press ? or * to list all spells.
Flames lash the water moccasin.
The water moccasin is heavily wounded.
The water moccasin's fire resistance burns away.
The water moccasin bites you but does no damage. x2
Unknown command.
Casting: Scorch (safe; 1% risk of failure)
Confirm with . or Enter, or press ? or * to list all spells.
Casting: Flame Wave (dangerous; 1% risk of failure)
Press: ? - help, Dir - look around, f - activate A wave of flame ripples out!
Caesarion avoids your attack.
The flame wave engulfs the water moccasin!!
The water moccasin is burned terribly!
You kill the water moccasin! (Press . to intensify the flame waves.) Caesarion completely misses Erica.
Erica zaps a wand.
The bolt of acid hits you! The acid corrodes you!
A bullfrog comes into view.
Your Spellcasting skill increases to level 11!
A wave of flame ripples out!
Caesarion avoids your attack.
The flame wave engulfs Erica!
Erica is moderately wounded.
You hear two shouts!
Caesarion hits Erica with a +0 flail.
A wave of flame ripples out!
Caesarion avoids your attack.
The flame wave engulfs Erica!!
Erica is severely wounded.
You finish channelling waves of flame.
You hear a croak. x2
Erica hits you with a +2 scimitar of flaming!
Casting: Flame Wave (dangerous; 1% risk of failure)
Confirm with . or Enter, or press ? or * to list all spells.
Flames lash Erica.
Erica is severely wounded.
Erica's fire resistance burns away.
* * * LOW HITPOINT WARNING * * *
Caesarion hits Erica with a +0 flail.
Erica zaps a wand.
The bolt of acid hits you!
You die...

#.# .. ####'## ..S#
#.....# P...####+##
#.###.# ........><#
+.#...# .......÷..#
#.#.### ..P.......#
#.#...# .P...F....+
#.#.#.# P.....†@@.#
#.#.#.# PP..###R###
#.#.# # ...# #.# #...#
.P. #.## ##'## #..#
#..# ##.# ##.#
#####'## ###'######
#..)...# ####.........
#......###..'...[.....


You could see the friendly Caesarion the knight, Erica (combustible, ally
target), a water moccasin and a bullfrog.

Vanquished Creatures
  Pikel (D:6)
  Maurice (D:8)
  A wyvern (D:8)
  Edmund (D:6)
  Duvessa (D:6)
  3 water moccasins
  2 black bears (D:8)
  3 orc warriors
  2 wolves (D:9)
  2 ice beasts (D:7)
  2 ogres (D:5)
  2 centaurs
  2 lemures (D:6)
  2 kobold brigands
  2 scorpions (D:5)
  Dowan (D:6)
  4 wights (D:8)
  7 hounds
  4 jellies
  Crazy Yiuf (D:2)
  A gnoll bouda (D:8)
  2 iguanas
  5 orc wizards
  Natasha (thrice) (D:3)
  7 gnolls (D:8)
  7 adders
  A white imp (D:5)
  2 worms
  2 dart slugs
  20 orcs
  5 ball pythons
  5 endoplasms
  4 giant cockroaches
  3 goblins
  5 hobgoblins
  3 jackals
  2 quokkas (D:2)
  9 bats
  3 frilled lizards
  16 kobolds
  2 rats (D:2)
151 creatures vanquished.

Vanquished Creatures (collateral kills)
  Sigmund (D:6)
  Menkaure (D:6)
  2 water moccasins
  An ice beast (D:8)
  A kobold brigand (D:8)
  A bullfrog (D:9)
  A gnoll sergeant (D:8)
  2 scorpions
  A wight (D:8)
  A hound (D:7)
  An iguana (D:4)
  3 gnolls
  A shadow imp (D:8)
  A worm (D:4)
  5 orcs
  A hobgoblin (D:4)
24 creatures vanquished.

Vanquished Creatures (others)
  A knight (D:6)
  An ancestor (D:4)
  302 foxfires
304 creatures vanquished.

Grand Total: 479 creatures vanquished

Notes
Turn   | Place    | Note
-------+----------+-------------------------------------------
     0 | D:1      | monsoonserge the Djinni Fire Elementalist began the quest
                  | for the Orb.
     0 | D:1      | monsoonserge set off with the following spells memorised:
                  | Foxfire, Scorch, Volatile Blastmotes, Inner Flame, Flame
                  | Wave.
     0 | D:1      | Reached XP level 1. HP: 15/15 MP: 0/0
   150 | D:1      | Reached XP level 2. HP: 19/21 MP: 0/0
   619 | D:1      | Reached XP level 3. HP: 23/25 MP: 0/0
   619 | D:1      | Learned a level 1 spell: Shock
   863 | D:2      | Reached skill level 3 in Spellcasting
   903 | D:2      | Found a hazy altar of Hepliaklqana.
   913 | D:2      | Became a worshipper of Hepliaklqana the Forgotten
   931 | D:2      | Found a runed translucent door.
   932 | D:2      | Noticed Crazy Yiuf
  1053 | D:2      | Reached XP level 4. HP: 31/31 MP: 0/0
  1403 | D:2      | Killed Crazy Yiuf
  1510 | D:2      | Reached XP level 5. HP: 34/35 MP: 0/0
  1510 | D:2      | Learned a level 2 spell: Lesser Beckoning
  1590 | D:3      | Noticed Natasha
  1598 | D:3      | Killed Natasha
  1599 | D:3      | Reached skill level 1 in Armour
  1637 | D:3      | Reached * piety under Hepliaklqana
  1640 | D:3      | Identified the +4 hand axe "Killer Bee's Death" {heavy,
                  | Int+2 Dex+3 Stlth+}
  1698 | D:3      | Noticed Natasha
  1702 | D:3      | Killed Natasha
  1703 | D:3      | Reached skill level 4 in Spellcasting
  1935 | D:3      | Noticed Natasha
  1939 | D:3      | Killed Natasha
  2143 | D:4      | Reached XP level 6. HP: 33/36 MP: 0/0
  2422 | D:4      | Found a blossoming altar of Fedhas.
  2571 | D:4      | Reached skill level 5 in Spellcasting
  2671 | D:4      | Reached ** piety under Hepliaklqana
  2672 | D:4      | Remembered your ancestor Caesarion as a knight
  3118 | D:5      | Entered Level 5 of the Dungeon
  3122 | D:5      | Reached XP level 7. HP: 37/40 MP: 0/0
  3122 | D:5      | Learned a level 2 spell: Wereblood
  3350 | D:5      | Reached skill level 6 in Spellcasting
  3431 | D:5      | Reached XP level 8. HP: 23/45 MP: 0/0
  3557 | D:5      | Found a basalt altar of Yredelemnul.
  3714 | D:5      | Found a staircase to the Ecumenical Temple.
  3730 | Temple   | Entered the Ecumenical Temple
  4089 | D:6      | Noticed Duvessa
  4133 | D:6      | Noticed Sigmund
  4178 | D:6      | Noticed Dowan
  4268 | D:6      | Reached skill level 7 in Spellcasting
  4269 | D:6      | Found a glowing golden altar of the Shining One.
  4296 | D:6      | Noticed Pikel
  4310 | D:6      | Killed Pikel
  4311 | D:6      | Reached skill level 1 in Shields
  4311 | D:6      | Reached XP level 9. HP: 28/49 MP: 0/0
  4311 | D:6      | Learned a level 3 spell: Confusing Touch
  4486 | D:6      | Killed Duvessa
  4487 | D:6      | Reached skill level 8 in Spellcasting
  4489 | D:6      | Reached skill level 1 in Axes
  4495 | D:6      | Killed Dowan
  4569 | D:6      | Reached *** piety under Hepliaklqana
  4595 | D:6      | Noticed Edmund
  4602 | D:6      | Killed Edmund
  4629 | D:6      | Found a hide-covered altar of Uskayaw.
  4629 | D:6      | Found an ornate altar of the Wu Jian Council.
  4634 | D:6      | Found a stormy altar of Qazlal.
  4636 | D:6      | Found a faded altar of an unknown god.
  4637 | D:6      | Found a faded altar of an unknown god.
  4903 | D:6      | Noticed Menkaure
  5172 | D:7      | Found an iron altar of Okawaru.
  5314 | D:7      | Found a hazy altar of Hepliaklqana.
  5491 | D:7      | Reached skill level 9 in Spellcasting
  5491 | D:7      | Reached skill level 1 in Evocations
  5506 | D:7      | Found a broken altar of Ashenzari.
  6052 | D:8      | Reached XP level 10. HP: 25/54 MP: 0/0
  6423 | D:8      | Found a sacrificial altar of Ru.
  6450 | D:8      | Noticed Maurice
  6457 | D:8      | Reached skill level 10 in Spellcasting
  6457 | D:8      | Killed Maurice
  6838 | D:8      | Found a burning altar of Makhleb.
  6940 | D:9      | Noticed Grum
  6945 | D:9      | Noticed a two-headed ogre
  7027 | D:6      | Killed Sigmund
  7029 | D:6      | Killed Menkaure
  7299 | D:9      | Reached **** piety under Hepliaklqana
  7375 | D:9      | Noticed Erica
  7379 | D:9      | Reached skill level 11 in Spellcasting
  7381 | D:9      | Killed from afar by Erica

Illustrated notes

Levels and vault maps discovered:
D:1:      lightli_arrival_statue_moat, layout_basic, minmay_misc_feat_five,
          hangedman_decor_lopped, minmay_unequal
D:2:      layout_rooms, basic_altar, uniq_crazy_yiuf_cottage
D:3:      layout_rooms, minmay_misc_feat_rugged, hangedman_decor_push,
          kennysheep_generic_room_12, uniq_natasha
D:4:      layout_loops_corners, jmf_multi_god_temple
D:5:      layout_rooms, old_standard_altar, temple_hall
D:6:      layout_loops_ring, chequers_temple_overflow_minitemple,
          mainiacjoe_overflow_boulevard, uniq_pikel, uniq_sigmund, uniq_duvessa,
          uniq_menkaure, uniq_edmund
D:7:      layout_basic, mainiacjoe_overflow_catwalk, marbit_many_paths,
          okawaru_gym_becter
D:8:      layout_cave_pools, nicolae_ru_sacrificial_ziggurat,
          mainiacjoe_overflow_alcove_4, grunt_ministairs_6, uniq_maurice
D:9:      layout_roguey, due_lair_maze_entry_diamond, uniq_erica, uniq_grum
Temple:   nicolae_temple_ecumenical_triangle

Skill      XL: |  1  2  3  4  5  6  7  8  9 10 |
---------------+-------------------------------+-----
Spellcasting   | 3 4 5 6 7 9 11 | 11.0
Armour         | 1 2 3 |  3.0
Stealth        | 2 |  2.0
Shields        | 1 2 3 |  3.9
Axes           | 1 |  1.3
Dodging        | 3 |  3.1
Evocations     | 1 |  1.0
Fighting       | |  0.6

Action                     |  1- 3 |  4- 6 |  7- 9 | 10-12 || total
---------------------------+-------+-------+-------+-------++-------
  Melee: Spear             |    11 |     5 |       |       ||    16
         Hand axe          |       |     3 |     6 |     1 ||    10
   Cast: Foxfire           |    58 |    65 |    43 |    23 ||   189
         Scorch            |     1 |    23 |    46 |    13 ||    83
         Shock             |     1 |       |    60 |     5 ||    66
         Volatile Blastmot |       |       |     4 |       ||     4
         Flame Wave        |       |       |       |     9 ||     9
 Invoke: Ancestor Life: Kn |       |     1 |       |       ||     1
         Recall Ancestor   |       |       |     4 |     1 ||     5
   Stab: Sleeping          |     1 |       |       |       ||     1
         Distracted        |       |       |       |     1 ||     1
 Armour: Robe              |     7 |       |       |     9 ||    16
         Leather armour    |    11 |     5 |     1 |       ||    17
  Dodge: Dodged            |    14 |    12 |    16 |    15 ||    57
  Block: Buckler           |       |       |     6 |     4 ||    10
